 Dungeon Crawl Stone Soup version 0.30.0-5-g1a98f26d00 (webtiles) character file.

Game seed: 1933270726926626939

31 thromnambular the Grave Robber (level 3, -2/25 HPs)
             Began as a Demonspawn Necromancer on May 10, 2023.
             Killed from afar by Sigmund (9 damage)
             ... with a puff of flame
             ... on level 2 of the Dungeon.
             The game lasted 00:07:30 (1555 turns).

thromnambular the Grave Robber (DsNe)               Turns: 1555, Time: 00:07:31

Health: -2/25      AC:  2    Str:  8    XL:     3   Next: 7%
Magic:  6/6        EV: 12    Int: 18    God:
Gold:   72         SH:  0    Dex: 13    Spells: 2/6 levels left

rFire   . . .        f - +0 dagger
rCold   x . .        (no shield)
rNeg    . . .        a - +0 robe
rPois   .            (no helmet)
rElec   .            (no cloak)
rCorr   +            (no gloves)
SInv    .            (no boots)
Will    .....        (no amulet)
Stlth   ++           q - ring of wizardry
HPRegen 0.24/turn    v - ring of resist corrosion
MPRegen 0.10/turn

%: wizardry (x1)
@: about to teleport
A: demonic touch 1, hooves 1, mutation resistance 1, cold vulnerability 1
a: no special abilities


You were on level 2 of the Dungeon.
You visited 1 branch of the dungeon, and saw 2 of its levels.

You collected 72 gold pieces.

Inventory:

Hand Weapons
 f - a +0 dagger (weapon)
Armour
 a - a +0 robe (worn)
Jewellery
 h - an amulet of faith
 j - a ring of ice
 q - a ring of wizardry (left hand)
 v - a ring of resist corrosion (right hand)
Scrolls
 c - a scroll of torment {unknown}
 e - a scroll of noise {unknown}
 g - a scroll of blinking {unknown}
 k - 2 scrolls of vulnerability
 r - a scroll of silence {unknown}
 t - a scroll of immolation {unknown}
 u - a scroll of enchant weapon {unknown}
Potions
 b - 3 potions of magic
 d - a potion of haste {unknown}
 l - a potion of might {unknown}
 n - a potion of attraction
 p - a potion of resistance {unknown}
 s - a potion of cancellation {unknown}


   Skills:
 + Level 0.8 Fighting
 + Level 2.1 Dodging
 - Level 1.7 Stealth
 + Level 2.2 Spellcasting
 - Level 5.0 Necromancy


You had 2 spell levels left.
You knew the following spells:

 Your Spells              Type           Power      Damage    Failure   Level
a - Necrotise             Necr           80%        1d8       1%          1
b - Vampiric Draining     Necr           20%        2d7       2%          3

Your spell library contained the following spells:

 Spells                   Type           Power      Damage    Failure   Level
 Animate Dead             Necr           20%        N/A       9%          4
 Call Canine Familiar     Summ           2%         N/A       21%         3
 Portal Projectile        Hex/Tloc       4%         N/A       21%         3
 Agony                    Necr           20%        N/A       26%         5
 Leda's Liquefaction      Hex/Erth       1%         N/A       54%         4
 Borgnjor's Vile Clutch   Necr/Erth      5%         N/A       54%         5
 Alistair's Intoxication  Tmut/Pois      1%         N/A       86%         5
 Eringya's Noxious Bog    Tmut/Pois      1%         N/A       100%        6


Dungeon Overview and Level Annotations

Branches:
Dungeon (2/15)

Altars:

Shops:
D:2 [:[

Annotations:
D:2 Sigmund


Innate Abilities, Weirdness & Mutations

Your touch may inflict minor irresistible damage on your foes.
You have large cloven feet.
You are somewhat resistant to further mutation.
You are vulnerable to cold. (rC-)


Message History

You feel attractive to monsters.
It was a potion of mutation.
You feel extremely strange.
You feel vulnerable to cold.
You occasionally lose the ability to drink potions when taking damage.
You feel your surroundings grow quieter.
You climb upwards.
Reactivating autopickup.
There is a stone staircase leading down here.
You start waiting.
You feel less attractive to monsters.
You climb downwards.
Level annotation: Sigmund
There is a stone staircase leading up here.
You now have 72 gold pieces (gained 10).
Sigmund shouts!
Sigmund zaps a wand.
The puff of flame hits you!
You aren't carrying any items that you can evoke.
Really quaff the potion of mutation?
You feel extremely strange.
You feel your surroundings grow louder.
You no longer become unable to drink potions after taking damage.
Your feet thicken and deform.
You feel genetically stable.
Sigmund zaps a wand.
The puff of flame hits you!
You aren't carrying any items that you can evoke.
You feel better.
Sigmund screams, "Don't try to resist!"
Sigmund casts a spell.
Sigmund flickers and vanishes!
Deactivating autopickup; reactivate with Ctrl-A.
Okay, then.
As you read the scroll of teleportation, it crumbles to dust.
You feel strangely unstable.
You hear a zap.
A puff of flame appears from out of thin air!
The puff of flame hits you!
* * * LOW HITPOINT WARNING * * *
You hear a zap.
A puff of flame appears from out of thin air!
The puff of flame hits you!
You die...

# #.#.....## # # ♣♣
#.+......# ♣♣.
###......# # ♣♣.♣♣
#....>.# # ♣♣...♣
######.# # ♣....♣
#######.# #....#
#.......# #....#
+.......#
####...##.##....@..#
......#.........##.#
...#.##.#.......##.#
...#.# .#.......##.#
...#.# .#.......##.#
...#...........{##.#
##.########.!.... .#
...# .....##~@. ####
###.### ~~


There were no monsters in sight!

Vanquished Creatures
  A dart slug (D:2)
  A bat (D:1)
  5 endoplasms
  4 hobgoblins
  4 ball pythons
  2 frilled lizards
  4 goblins (D:2)
  A kobold (D:2)
  3 rats (D:1)
25 creatures vanquished.

Vanquished Creatures (collateral kills)
  2 goblins (D:2)
2 creatures vanquished.

Grand Total: 27 creatures vanquished

Notes
Turn   | Place    | Note
-------+----------+-------------------------------------------
     0 | D:1      | thromnambular the Demonspawn Necromancer began the quest
                  | for the Orb.
     0 | D:1      | Reached XP level 1. HP: 13/13 MP: 3/3
   350 | D:1      | Gained mutation: Your touch may inflict minor irresistible
                  | damage on your foes. [demonic ancestry]
   350 | D:1      | Reached XP level 2. HP: 19/19 MP: 1/5
   495 | D:1      | Reached skill level 5 in Necromancy
   841 | D:2      | Found Ebluapikk's Armour Emporium.
  1238 | D:2      | Noticed Sigmund
  1247 | D:2      | Reached XP level 3. HP: 6/25 MP: 3/6
  1331 | D:2      | Learned a level 3 spell: Vampiric Draining
  1370 | D:2      | Found Dofoegunk's Book Shop.
  1431 | D:2      | Found Feiteute's Armour Shoppe.
  1499 | D:2      | Gained mutation: You are vulnerable to cold. (rC-) [potion
                  | of mutation]
  1499 | D:2      | Gained mutation: You occasionally lose the ability to drink
                  | potions when taking damage. [potion of mutation]
  1499 | D:2      | Gained mutation: You passively dampen the noise of your
                  | surroundings. [potion of mutation]
  1550 | D:2      | Lost mutation: You passively dampen the noise of your
                  | surroundings. [potion of mutation]
  1550 | D:2      | Lost mutation: You occasionally lose the ability to drink
                  | potions when taking damage. [potion of mutation]
  1550 | D:2      | Gained mutation: You have large cloven feet. [potion of
                  | mutation]
  1550 | D:2      | Gained mutation: You are somewhat resistant to further
                  | mutation. [potion of mutation]
  1555 | D:2      | Killed from afar by Sigmund

Illustrated notes

Levels and vault maps discovered:
D:1:      lordsloth_arrival_two_stooges, layout_basic
D:2:      kennysheep_the_goblin_king, layout_basic, serial_shops,
          nicolae_shop_behind_doors, nicolae_shop_pleasant_corner_grove,
          nicolae_lakefront_shop, chequers_serial_rivers_large_b,
          chequers_serial_rivers_micro_b, uniq_crazy_yiuf_cottage, uniq_sigmund

Skill      XL: |  1  2 |
---------------+-------+-----
Necromancy     | 5 |  5.0
Dodging        | 2 |  2.1
Fighting       | |  0.8
Stealth        | |  1.7
Spellcasting   | |  2.2

Action                     || total
---------------------------++-------
  Melee: Dagger            ||    14
         Touch             ||     1
   Cast: Necrotise         ||    38
    Use: Scroll            ||     4
         Potion            ||     5
   Stab: Sleeping          ||     1
 Armour: Robe              ||     3
  Dodge: Dodged            ||    16
